 Dungeon Crawl Stone Soup version 0.21-a0-88-g13b9641 (webtiles) character file.

393376 grindst0ne the Formicid Blade (level 24, -1/205 HPs)
             Began as a Formicid Fighter on June 27, 2017.
             Was the Champion of Okawaru.
             Killed from afar by an ancient lich (16 damage)
             ... with a crystal spear
             ... on level 5 of the Vaults.
             The game lasted 02:19:07 (48527 turns).

grindst0ne the Formicid Blade (Formicid Fighter)   Turns: 48527, Time: 02:19:08

Health: -1/205     AC: 36    Str: 38    XL:     24   Next: 24%
Magic:  26/28      EV: 13    Int: 10    God:    Okawaru [******]
Gold:   1848       SH: 26    Dex: 16    Spells: 23/23 levels left

rFire    + + .     SeeInvis +   s - +3 triple sword (vamp)
rCold    + . .     Gourm    .   X - +1 large shield {rF+}
rNeg     . . .     Faith    +   i - +5 crystal plate armour
rPois    .         Spirit   .   (helmet unavailable)
rElec    .         Reflect  .   t - scarf {rC+ rF+}
rCorr    .         Harm     .   Y - +2 pair of gloves {Dex+3}
MR       +++..                  C - +2 pair of boots {run}
Stlth    ..........             v - amulet of faith
HPRegen  0.44/turn              K - +5 ring of strength
MPRegen  0.21/turn              W - ring of Wuraco {MR+ Str+2 Dex+3}

@: heroism, corroded, very slightly contaminated, constricted, heavily drained,
invisible, quick
A: permanent stasis, dig shafts and tunnels, four strong arms, antennae 3
}: 2/15 runes: barnacled, gossamer
a: Dig, Shaft Self, Heroism, Finesse, Renounce Religion


You were on level 5 of the Vaults.
You worshipped Okawaru.
Okawaru was exalted by your worship.
You were not hungry.

You visited 6 branches of the dungeon, and saw 36 of its levels.
You also visited: Labyrinth, Sewer, Bailey and Wizlab.

You collected 3532 gold pieces.
You spent 1684 gold pieces at shops.

Inventory:

Hand Weapons
 e - a +3 eudemon blade of holy wrath
 s - a +3 vampiric triple sword (weapon)
Armour
 f - the +2 cloak of the Thief {+Fog Slay-2 SInv Stlth+}
   (You found it in a wizard's laboratory)

   It affects your accuracy and damage with ranged weapons and melee attacks
   (-2).
   It lets you see invisible.
   It makes you more stealthy.
 i - a +5 crystal plate armour (worn)
 o - +3 storm dragon scales {Bai Suzhen}
 t - a scarf of resistance (worn)
 C - a +2 pair of boots of running (worn)
 X - a +1 large shield of fire resistance (worn)
 Y - a +2 pair of gloves of dexterity (worn)
Jewellery
 r - an uncursed ring of protection from fire
 v - an amulet of faith (around neck)
 K - a +5 ring of strength (left hand)
 N - an uncursed ring of protection from cold
 W - the ring of Wuraco (right hand) {MR+ Str+2 Dex+3}
   (You found it on level 10 of the Dungeon)

   [ring of strength]

   It affects your strength (+2).
   It affects your dexterity (+3).
   It affects your resistance to hostile enchantments.
Wands
 b - a wand of lightning (3/15)
 c - a wand of scattershot (3/9)
 j - a wand of clouds (1/9)
 k - a wand of paralysis (12/24)
 p - a wand of scattershot (1/9)
 G - a wand of disintegration (9/24)
 M - a wand of confusion (12/48)
 R - a wand of iceblast (1/15)
 T - a wand of acid (8/15)
 Z - a wand of flame (12/48)
Scrolls
 d - 3 scrolls of fog
 y - 5 scrolls of recharging
 A - 2 scrolls of magic mapping
 I - 13 scrolls of remove curse
 Q - a scroll of fear
Potions
 l - 2 potions of agility
 m - 2 potions of cancellation
 u - 5 potions of might
 x - 4 potions of mutation
 z - 5 potions of curing
 B - 7 potions of heal wounds
 F - 6 potions of lignification
 H - a potion of resistance
 J - a potion of invisibility
 O - 10 potions of ambrosia
 P - 10 potions of flight
Miscellaneous
 h - a lamp of fire
 w - a box of beasts
 E - a fan of gales
 U - a phantom mirror
Comestibles
 a - 3 chunks of flesh
 g - 8 meat rations
 n - 23 royal jellies
 q - 9 bread rations
 S - 30 fruits


   Skills:
 + Level 20.3(22.2) Fighting
 + Level 21.1(23.0) Long Blades
 - Level 20.0(21.9) Armour
 - Level 9.3(11.9) Dodging
 - Level 15.0(17.2) Shields
 - Level 7.1(5.0) Invocations
 - Level 7.0(4.9) Evocations


You had 23 spell levels left.
You didn't know any spells.

Dungeon Overview and Level Annotations

Branches:
Dungeon (15/15)            Temple (0/1) D:7            Lair (6/6) D:9
 Shoals (4/4) Lair:4       Spider (4/4) Lair:4        Slime (0/5) Lair:6
    Orc (2/2) D:9             Elf (0/3) Orc:2        Vaults (5/5) D:13
  Crypt (0/3) Vaults:2     Depths (0/5) D:15

Altars:
Cheibriados
Dithmenos
Fedhas
Gozag
Hepliaklqana
Kikubaaqudgha
Makhleb
Nemelex Xobeh
Okawaru
Qazlal
Ru
Sif Muna
Trog
Uskayaw
Wu Jian
Yredelemnul
The Shining One
Jiyva

Shops:
D:5 }   D:11 :   Orc:2 :(}=   Vaults:4 !

Annotations:
D:3 exclusion: oklob plant
D:9 exclusion: downstairs


Innate Abilities, Weirdness & Mutations

You cannot be hasted, slowed, berserked, paralysed or teleported.
You can dig through walls and to a lower floor.
Your four strong arms can wield two-handed weapons with a shield.
You have a pair of large antennae on your head. (SInv)


Message History

Evoke which item? (* to show all) (? for menu, Esc to quit)
Aiming: Scattershot
Press: ? - help, Shift-Dir - straight line, f/p - ancient lich
Aim: an ancient lich (freezing vapour, severely damaged)
The burst of metal fragments hits the ancient lich. x5
The ancient lich is severely damaged.
This wand has 3 charges left.
The war gargoyle hits your vault warden with a morningstar!!
The ironheart preserver is engulfed in freezing vapours.
The tentacled monstrosity is engulfed in freezing vapours.
The tentacled monstrosity tentacle-slaps you but does no damage. x2
The tentacled monstrosity completely misses you.
The tentacled monstrosity constricts you.
Your vault warden hits the war gargoyle with a halberd!!
The war gargoyle is destroyed!
Okawaru accepts your kill.
Your orc warrior hits the golden dragon with a mace of protection.
The ancient lich gestures at you while chanting.
The crystal spear hits you!
You die...

... #..... ##. ...
#..#.####p.. #. #....../..{
# #....#§#§######### ######
#.....§.§§opo..... ......
#.....§§.DWpo..... ......
#......§pL§o.p.... ......
#...((.CCX@ppo.... ......
#....################ #####
#.....#.###.###.###.###.###
#..#.....#...#.).#...#...#.
#..##...{{{{.(...........).
#..#....{#..{..............
#. ##...###................
#. ##.## ##..#......#.....
#... ##..###....###....


You could see a tentacled monstrosity, an ironheart preserver, a golden dragon,
an ancient lich, a stone giant, an ettin, a freezing wraith, a friendly
ironheart preserver, a friendly vault warden, 2 friendly vault guards, a
friendly orc knight, a friendly ironbrand convoker, 3 friendly orc warriors and
a friendly orc.

Vanquished Creatures
  Mennas (Vaults:3)
  Bai Suzhen (Spider:3)
  A golden dragon (Vaults:4)
  A lich (Vaults:3)
  Asterion (Spider:3)
  Polyphemus (Shoals:3)
  Gastronok (Lair:1)
  2 krakens
  3 tentacled starspawn (WizLab)
  Kirke (D:13)
  3 sphinxes
  Ilsuiw (Shoals:4)
  A frost giant (Vaults:3)
  5 emperor scorpions
  9 vault wardens
  Louise (D:14)
  8 ironheart preservers
  5 ghost moths
  6 very ugly things
  3 stone giants
  A war gargoyle (Vaults:5)
  2 entropy weavers (Spider:3)
  Nessos (D:12)
  Snorg (D:11)
  A spark wasp (Spider:4)
  2 ettins
  2 fire dragons
  4 great orbs of eyes
  A deep elf high priest (Vaults:5)
  6 merfolk javelineers
  A crystal guardian (Vaults:3)
  7 merfolk impalers
  8 ogre magi
  2 minotaurs
  Josephine (D:11)
  10 yaktaur captains
  7 hydras
  34 vault guards
  A rakshasa (Vaults:1)
  2 catoblepae
  4 satyrs
  3 ice dragons
  A merfolk avatar (Shoals:4)
  30 two-headed ogres
  7 death yaks
  12 centaur warriors
  2 death knights
  10 merfolk aquamancers
  An alligator snapping turtle (Shoals:4)
  A deep troll earth mage (Vaults:4)
  3 thrashing horrors (WizLab)
  6 tengu warriors
  5 orc high priests (Orc:2)
  Urug (Lair:3)
  7 hell knights
  3 deep elf knights
  3 shadow wraiths
  Sonja (D:11)
  2 large abominations (WizLab)
  6 skeletal warriors
  A shadow demon (WizLab)
  4 unseen horrors
  A glowing orange brain (shapeshifter) (Vaults:5)
  2 deep trolls (Vaults:4)
  A sphinx zombie (Vaults:1)
  3 flayed ghosts
  An unseen horror (shapeshifter) (Vaults:4)
  A glowing orange brain (WizLab)
  A phantasmal warrior (Vaults:4)
  7 deep elf magi
  18 sea snakes
  3 deep elf archers (Vaults:3)
  11 ironbrand convokers
  An obsidian statue (WizLab)
  12 orc knights
  32 harpies
  4 necromancers
  3 orc sorcerers (Orc:2)
  11 orb spiders
  2 wolf spider zombies
  32 wolf spiders
  13 fauns
  15 cyclopes
  2 black mambas
  10 ugly things
  14 manticores
  11 merfolk sirens
  7 elephants
  Maurice (D:8)
  2 moths of wrath (Spider:4)
  7 water nymphs
  A water nymph (shapeshifter) (Vaults:5)
  A guardian serpent (WizLab)
  A human skeleton (Vaults:1)
  10 vault sentinels
  A smoke demon (WizLab)
  A gargoyle (D:14)
  24 spiny frogs
  10 komodo dragons
  3 freezing wraiths
  A rime drake (Lair:1)
  6 demonic crawlers
  28 yaktaurs
  A redback zombie (D:14)
  A hellwing (WizLab)
  A tengu conjurer (D:14)
  An ice devil (WizLab)
  11 trolls
  A red devil (WizLab)
  A meliai (shapeshifter) (D:13)
  An ancient zyme (WizLab)
  3 meliai (Shoals:1)
  A polar bear (Lair:6)
  A white draconian skeleton (WizLab)
  31 jumping spiders
  7 wind drakes
  15 hornets
  A hornet (shapeshifter) (Vaults:3)
  13 slime creatures
  27 blink frogs
  31 merfolk
  7 dream sheep
  9 snapping turtles
  3 tyrant leeches (Lair:6)
  A stone giant simulacrum (Vaults:3)
  A dream sheep (shapeshifter) (D:14)
  16 hippogriffs
  A meliai zombie (D:14)
  A fire giant simulacrum (Vaults:4)
  Grinder (D:3)
  An ettin skeleton (Vaults:1)
  74 redbacks
  A ynoxinul (WizLab)
  28 tarantellas
  7 wraiths
  17 water elementals
  21 humans (D:13)
  2 wyverns
  41 yaks
  6 basilisks
  6 spriggans
  A hog (D:13)
  A chaos spawn (WizLab)
  A hog (shapeshifter) (Vaults:4)
  6 hungry ghosts
  2 spatial vortices (WizLab)
  6 vampire mosquitoes (Lair:6)
  2 insubstantial wisps (WizLab)
  6 wargs
  2 acid dragons
  7 swamp worms (Lair:6)
  2 soldier ants (D:9)
  Duvessa (D:6)
  9 porcupines
  A floating eye (shapeshifter) (Vaults:2)
  9 water moccasins
  A hell hound (WizLab)
  A water moccasin (shapeshifter) (Vaults:1)
  A hornet zombie (D:15)
  4 ice beasts
  47 orc warriors
  6 sky beasts
  An eye of draining (D:15)
  31 ogres
  5 phantoms
  A black bear (D:9)
  5 wolves
  A necrophage (D:9)
  An eye of draining (shapeshifter) (Vaults:1)
  12 boggarts
  16 centaurs
  14 crocodiles
  29 bullfrogs
  9 big kobolds
  Dowan (D:6)
  2 wyvern skeletons
  5 scorpions
  14 killer bees
  10 wights
  5 electric eels
  3 howler monkeys
  A bullfrog zombie (D:9)
  6 crimson imps
  A human simulacrum (Vaults:3)
  A wyvern simulacrum (D:14)
  22 orc priests
  37 orc wizards
  10 hounds
  Crazy Yiuf (D:2)
  2 bullfrog skeletons
  2 centaur skeletons
  5 centaur zombies
  5 jellies
  Ijyb (D:3)
  Jessica (D:2)
  10 iguanas
  15 worker ants
  2 hound skeletons
  Robin (D:2)
  A worker ant zombie (D:5)
  A howler monkey skeleton (D:3)
  17 adders
  A river rat (Sewer)
  5 shadow imps
  A white imp (Vaults:4)
  5 oozes
  An adder skeleton (D:4)
  15 worms
  3 dart slugs
  2 leopard geckos (D:1)
  132 orcs
  4 ball pythons
  A bat zombie (D:5)
  8 giant cockroaches
  23 goblins
  6 hobgoblins
  3 jackals
  8 quokkas
  6 bats
  8 frilled lizards
  38 kobolds
  A leopard gecko skeleton (D:6)
  A leopard gecko zombie (D:5)
  A quokka zombie (D:7)
  8 rats
  A rat zombie (D:5)
  A bush (Shoals:1)
  A butterfly (Lair:4)
  A fungus (D:2)
  2 plants
  A starspawn tentacle (WizLab)
  3 tentacles (Shoals:1)
1683 creatures vanquished.

Vanquished Creatures (collateral kills)
  A shadow dragon (Vaults:5)
  A war gargoyle (Vaults:5)
  A vault guard (Vaults:5)
3 creatures vanquished.

Vanquished Creatures (others)
  An eldritch tentacle (WizLab)
  An ogre mage (Vaults:2)
  A wizard (Vaults:3)
  3 humans (D:13)
  A spatial vortex (WizLab)
  A necrophage (D:10)
  A goblin (D:3)
  A bush (Lair:6)
  30 fungi
  76 plants
  5 starspawn tentacles (WizLab)
  13 tentacles
  17 toadstools (D:3)
151 creatures vanquished.

Grand Total: 1837 creatures vanquished

Notes
Turn   | Place    | Note
-------+----------+-------------------------------------------
     0 | D:1      | grindst0ne the Formicid Fighter began the quest for the Orb.
     0 | D:1      | Reached XP level 1. HP: 18/18 MP: 1/1
    67 | D:1      | Reached XP level 2. HP: 17/24 MP: 2/2
   246 | D:1      | Reached XP level 3. HP: 29/29 MP: 3/3
   818 | D:2      | Noticed Jessica
   838 | D:2      | Killed Jessica
   838 | D:2      | Reached skill level 5 in Shields
   838 | D:2      | Reached XP level 4. HP: 7/35 MP: 4/4
  1282 | D:2      | Found a sacrificial altar of Ru.
  1283 | D:2      | Found an iron altar of Okawaru.
  1299 | D:2      | Became a worshipper of Warmaster Okawaru
  1608 | D:2      | Noticed Robin
  1625 | D:2      | Reached XP level 5. HP: 39/41 MP: 5/5
  1636 | D:2      | Killed Robin
  1681 | D:2      | Found an opulent altar of Gozag.
  1806 | D:2      | Found a runed door.
  1810 | D:2      | Noticed Crazy Yiuf
  1823 | D:2      | Killed Crazy Yiuf
  2204 | D:3      | Noticed Grinder
  2239 | D:3      | Killed Grinder
  2239 | D:3      | Reached * piety under Okawaru
  2239 | D:3      | Reached skill level 5 in Armour
  2239 | D:3      | Reached XP level 6. HP: 13/47 MP: 6/6
  2243 | D:3      | Reached XP level 7. HP: 14/52 MP: 7/7
  2747 | D:3      | Found a blossoming altar of Fedhas.
  2773 | D:3      | Noticed an oklob plant
  2885 | D:3      | Noticed Ijyb
  2904 | D:3      | Killed Ijyb
  3100 | D:3      | Found a basalt altar of Yredelemnul.
  3109 | D:3      | Found a glowing golden altar of the Shining One.
  3111 | D:3      | Noticed an angel
  3812 | D:4      | Reached ** piety under Okawaru
  4070 | D:4      | Reached XP level 8. HP: 55/60 MP: 8/8
  4221 | D:4      | Found a bloodstained altar of Trog.
  4230 | D:4      | Found a shadowy altar of Dithmenos.
  4268 | D:5      | Entered Level 5 of the Dungeon
  4343 | D:5      | Found Dilolioch's Gadget Boutique.
  4366 | D:5      | Found a glowing drain.
  4451 | Sewer    | Entered a sewer
  4816 | Sewer    | Reached skill level 5 in Fighting
  5628 | D:5      | Reached *** piety under Okawaru
  5628 | D:5      | Reached XP level 9. HP: 69/71 MP: 9/9
  5643 | D:5      | Found an ancient bone altar of Kikubaaqudgha.
  6127 | D:5      | Found a sparkling altar of Nemelex Xobeh.
  6610 | D:6      | Reached skill level 3 in Long Blades
  7288 | D:6      | Noticed Dowan
  7289 | D:6      | Noticed Duvessa
  7305 | D:6      | Killed Duvessa
  7305 | D:6      | Reached **** piety under Okawaru
  7305 | D:6      | Reached skill level 4 in Long Blades
  7307 | D:6      | Killed Dowan
  7639 | D:6      | Found a deep blue altar of Sif Muna.
  7672 | D:6      | Identified Sif Muna's Tome of Creation
  8175 | D:7      | Reached XP level 10. HP: 57/81 MP: 10/10
  8262 | D:7      | Reached skill level 5 in Long Blades
  8289 | D:7      | Reached ***** piety under Okawaru
  8290 | D:7      | Received a gift from Okawaru
  8323 | D:7      | Found a snail-covered altar of Cheibriados.
  8356 | D:7      | Found a flagged portal.
  8367 | D:7      | Got a jewelled spear
  8375 | Bailey   | Entered a bailey
  8469 | Bailey   | Identified the +10 spear "Orb Guardian's Curse" {vamp, MR+ SInv} (You found it on level 7 of the Dungeon)
  8694 | Bailey   | Noticed an orc knight
  8711 | Bailey   | Reached skill level 10 in Armour
  9110 | Bailey   | Reached skill level 6 in Long Blades
  9129 | Bailey   | Killed an orc knight
  9720 | D:7      | Paralysed by fainting for 5 turns
  9731 | D:7      | Paralysed by fainting for 11 turns
  9744 | D:7      | Paralysed by fainting for 8 turns
  9916 | D:7      | Received a gift from Okawaru
 10057 | D:7      | Found a staircase to the Ecumenical Temple.
 10494 | D:8      | Found a stormy altar of Qazlal.
 10534 | D:8      | Reached XP level 11. HP: 90/90 MP: 11/11
 10546 | D:8      | Reached skill level 7 in Long Blades
 10650 | D:8      | Noticed Maurice
 10684 | D:8      | Reached skill level 10 in Fighting
 10702 | D:8      | Killed Maurice
 10702 | D:8      | Reached skill level 1 in Evocations
 10813 | D:8      | Found an ornate altar of the Wu Jian Council.
 11152 | D:9      | Found a staircase to the Lair.
 11250 | D:9      | Found a burning altar of Makhleb.
 11618 | D:9      | Found a hazy altar of Hepliaklqana.
 11872 | D:9      | Reached ****** piety under Okawaru
 11872 | D:9      | Reached skill level 8 in Long Blades
 11939 | D:9      | Found a staircase to the Orcish Mines.
 11979 | D:10     | Entered Level 10 of the Dungeon
 12179 | D:10     | Received a gift from Okawaru
 12361 | D:10     | Noticed a two-headed ogre
 12377 | D:10     | Killed a two-headed ogre
 12377 | D:10     | Reached skill level 5 in Evocations
 12377 | D:10     | Reached XP level 12. HP: 60/100 MP: 15/15
 12468 | D:10     | Noticed a skeletal warrior
 12469 | D:10     | Noticed a seven-headed hydra
 12774 | D:10     | Got a scintillating wooden ring
 12800 | D:10     | Identified the ring of Wuraco {MR+ Str+2 Dex+3} (You found it on level 10 of the Dungeon)
 12815 | D:10     | Found a runed door.
 12816 | D:10     | Found a runed door.
 12999 | D:10     | Noticed a two-headed ogre
 13010 | D:10     | Killed a two-headed ogre
 13041 | D:10     | Killed a seven-headed hydra
 13041 | D:10     | Reached skill level 9 in Long Blades
 13485 | D:10     | Killed a skeletal warrior
 13485 | D:10     | Received a gift from Okawaru
 13499 | D:10     | Identified a +0 pair of boots of running (Okawaru gifted it to you on level 10 of the Dungeon)
 13600 | D:11     | Noticed an unseen horror
 13612 | D:11     | Killed an unseen horror
 13726 | D:11     | Found Duogy's Book Emporium.
 13791 | D:11     | Noticed Snorg
 13805 | D:11     | Killed Snorg
 13890 | D:11     | Noticed a five-headed hydra
 14084 | D:11     | Noticed Josephine
 14091 | D:11     | Killed a five-headed hydra
 14130 | D:11     | Killed Josephine
 14130 | D:11     | Reached XP level 13. HP: 55/108 MP: 18/18
 14652 | D:11     | Received a gift from Okawaru
 14658 | D:11     | Reached skill level 10 in Long Blades
 14677 | D:11     | Got a steaming falchion {god gift}
 14678 | D:11     | Identified the +8 falchion "Momyjed" {antimagic, rElec rF- Int+6 SInv} (Okawaru gifted it to you on level 11 of the Dungeon)
 14845 | D:11     | Noticed Sonja
 14857 | D:11     | Killed Sonja
 14967 | Lair:1   | Entered Level 1 of the Lair of Beasts
 15022 | Lair:1   | Noticed Gastronok
 15038 | Lair:1   | Killed Gastronok
 15187 | Lair:1   | Got a twisted quarterstaff
 15214 | Lair:1   | Identified the +6 quarterstaff "Jery" {holy, rC+} (You found it on level 1 of the Lair of Beasts)
 15295 | Lair:1   | Received a gift from Okawaru
 16516 | Lair:2   | Reached skill level 11 in Long Blades
 17440 | Lair:3   | Received a gift from Okawaru
 17510 | Lair:3   | Reached skill level 1 in Dodging
 17927 | Lair:3   | Noticed Urug
 17938 | Lair:3   | Killed Urug
 17938 | Lair:3   | Reached XP level 14. HP: 104/118 MP: 19/19
 18810 | Lair:4   | Found a hole to the Spider Nest.
 19241 | Lair:4   | Identified the +1 broad axe of Disembowelment {freeze, rPois Int+6} (You took it off a spriggan on level 4 of the Lair of Beasts)
 19315 | Lair:4   | Received a gift from Okawaru
 19521 | Lair:4   | Identified a scroll of acquirement
 19524 | Lair:4   | Got a pair of slimy boots
 19535 | Lair:4   | Identified the +0 pair of boots of Vestrut {rElec} (You acquired it on level 4 of the Lair of Beasts)
 19832 | Lair:4   | Found a staircase to the Shoals.
 20111 | Lair:5   | Found a labyrinth entrance.
 20118 | Lab      | Entered a labyrinth
 20707 | Lab      | Identified the +8 quarterstaff of Past Mistakes {vamp, rElec rF+} (You found it in a labyrinth)
 21525 | Lair:6   | Entered Level 6 of the Lair of Beasts
 21816 | Lair:6   | Reached skill level 15 in Armour
 21874 | Lair:6   | Reached skill level 10 in Shields
 22396 | Lair:6   | Reached XP level 15. HP: 84/127 MP: 18/20
 22596 | Lair:6   | Found a viscous altar of Jiyva.
 22596 | Lair:6   | Found a staircase to the Slime Pits.
 22650 | Lair:6   | Received a gift from Okawaru
 22657 | Lair:6   | Got an iridescent scimitar {god gift}
 22674 | Lair:6   | Identified the +7 scimitar of Podo Dos {freeze, Fragile Dex+3} (Okawaru gifted it to you on level 6 of the Lair of Beasts)
 24385 | D:12     | Reached skill level 12 in Long Blades
 24523 | D:12     | Noticed Nessos
 24559 | D:12     | Killed Nessos
 24559 | D:12     | Received a gift from Okawaru
 25037 | D:13     | Noticed Kirke
 25060 | D:13     | Killed Kirke
 25697 | D:13     | Got a heavily runed brass ring
 25699 | D:13     | Identified the ring of Piezeski {rPois Int+4} (You found it on level 13 of the Dungeon)
 25721 | D:13     | Found a gate to the Vaults.
 25756 | D:13     | Received a gift from Okawaru
 26134 | D:14     | Reached XP level 16. HP: 123/134 MP: 21/21
 26193 | D:14     | Received a gift from Okawaru
 26358 | D:14     | Noticed Louise
 26373 | D:14     | Killed Louise
 27357 | D:15     | Entered Level 15 of the Dungeon
 27660 | D:15     | Reached skill level 15 in Shields
 27860 | D:15     | Reached skill level 13 in Long Blades
 27867 | D:15     | Reached skill level 1 in Invocations
 28172 | D:15     | Received a gift from Okawaru
 28191 | D:15     | Identified the +2 chain mail of a Million Shrikes {+Inv Int+4 Slay-5} (Okawaru gifted it to you on level 15 of the Dungeon)
 28372 | D:15     | Found a staircase to the Depths.
 28783 | Orc:1    | Entered Level 1 of the Orcish Mines
 29317 | Orc:1    | Reached skill level 5 in Invocations
 29542 | Orc:2    | Entered Level 2 of the Orcish Mines
 29898 | Orc:2    | Reached XP level 17. HP: 140/140 MP: 22/22
 29981 | Orc:2    | Found Healaappe's Book Boutique.
 29981 | Orc:2    | Found Red Lyliom's Jewellery Emporium.
 29983 | Orc:2    | Found Uregeabb's Antique Weapon Boutique.
 29983 | Orc:2    | Found Kisi's Gadget Emporium.
 30112 | Orc:2    | Found a staircase to the Elven Halls.
 30423 | Orc:2    | Received a gift from Okawaru
 30725 | Spider:1 | Entered Level 1 of the Spider Nest
 30885 | Spider:1 | Received a gift from Okawaru
 30906 | Spider:1 | Got a slimy double sword {god gift}
 30909 | Spider:1 | Reached skill level 5 in Dodging
 30909 | Spider:1 | Reached XP level 18. HP: 147/147 MP: 23/23
 30911 | Spider:1 | Identified the +4 double sword "Nics" {flame, rC+ Stlth+} (Okawaru gifted it to you on level 1 of the Spider Nest)
 30923 | Spider:1 | Reached XP level 19. HP: 153/153 MP: 24/24
 31409 | Spider:1 | Reached skill level 14 in Long Blades
 33162 | Spider:2 | Received a gift from Okawaru
 33373 | Spider:3 | Noticed Bai Suzhen
 33403 | Spider:3 | Killed Bai Suzhen
 33570 | Spider:3 | Noticed Asterion
 33610 | Spider:3 | Killed Asterion
 33610 | Spider:3 | Received a gift from Okawaru
 33752 | Spider:3 | Reached skill level 15 in Long Blades
 34309 | Spider:4 | Entered Level 4 of the Spider Nest
 34494 | Spider:4 | Reached XP level 20. HP: 160/160 MP: 25/25
 35406 | Spider:4 | Received a gift from Okawaru
 35409 | Spider:4 | Got a scorched long sword {god gift}
 35410 | Spider:4 | Identified the +8 long sword of Kinwugag {speed, *Rage rElec rF++ Stlth+} (Okawaru gifted it to you on level 4 of the Spider Nest)
 35692 | Spider:4 | Got a gossamer rune of Zot
 35795 | Spider:4 | Reached skill level 16 in Long Blades
 36073 | Shoals:1 | Entered Level 1 of the Shoals
 36759 | Shoals:1 | Received a gift from Okawaru
 36907 | Shoals:1 | Found a hide-covered altar of Uskayaw.
 38537 | Shoals:3 | Got jewelled acid dragon scales
 38548 | Shoals:3 | Identified the +0 acid dragon scales "Vunoth" {rF- rN+++ rCorr Int-4 Dex+5} (You acquired it on level 3 of the Shoals)
 38585 | Shoals:3 | Found Fileghew's Gadget Shoppe.
 38587 | Shoals:3 | Bought a lamp of fire for 760 gold pieces
 38824 | Shoals:3 | Reached XP level 21. HP: 158/166 MP: 26/26
 38955 | Shoals:3 | Noticed Polyphemus
 39006 | Shoals:3 | Killed Polyphemus
 39006 | Shoals:3 | Received a gift from Okawaru
 39337 | Shoals:4 | Entered Level 4 of the Shoals
 39377 | Shoals:4 | Reached skill level 17 in Long Blades
 39597 | Shoals:4 | Reached skill level 15 in Fighting
 39656 | Shoals:4 | Got a barnacled rune of Zot
 39745 | Shoals:4 | Received a gift from Okawaru
 39855 | Shoals:4 | Identified the Guide on Fire and Feathers
 40092 | Shoals:4 | Noticed Ilsuiw
 40110 | Shoals:4 | Killed Ilsuiw
 40757 | Vaults:1 | Entered Level 1 of the Vaults
 41002 | Vaults:1 | Reached skill level 18 in Long Blades
 41452 | Vaults:1 | Reached XP level 22. HP: 179/179 MP: 21/27
 41677 | Vaults:1 | Received a gift from Okawaru
 42099 | Vaults:2 | Found a staircase to the Crypt.
 43833 | Vaults:3 | Received a gift from Okawaru
 43833 | Vaults:3 | Reached skill level 19 in Long Blades
 43920 | Vaults:3 | Found a magical portal.
 43930 | WizLab   | Entered The Roulette of Golubria
 43930 | WizLab   | Found a transporter.
 43934 | WizLab   | Found a corrupted altar of Lugonu.
 43968 | WizLab   | Found a transporter.
 43988 | WizLab   | Found a transporter.
 44060 | WizLab   | Found a transporter.
 44135 | WizLab   | Found a transporter.
 44137 | WizLab   | Found a corrupted altar of Lugonu.
 44188 | WizLab   | Found a transporter.
 44209 | WizLab   | Found a transporter.
 44209 | WizLab   | Found a transporter.
 44259 | WizLab   | Found a transporter.
 44328 | WizLab   | Found a transporter.
 44530 | WizLab   | Found a transporter.
 44530 | WizLab   | Found a transporter.
 44565 | WizLab   | Found a transporter.
 44570 | WizLab   | Found a transporter.
 44676 | WizLab   | Found a transporter.
 44716 | WizLab   | Found a transporter.
 44716 | WizLab   | Found a transporter.
 44756 | WizLab   | Found a transporter.
 44793 | WizLab   | Found a transporter.
 44793 | WizLab   | Found a transporter.
 44843 | WizLab   | Identified Golubria's Catalogue of the Disturbing Songs
 45820 | Vaults:3 | Noticed Mennas
 45874 | Vaults:3 | Killed Mennas
 46138 | Vaults:3 | Received a gift from Okawaru
 46184 | Vaults:3 | Reached XP level 23. HP: 191/191 MP: 28/28
 46715 | Vaults:3 | Reached skill level 20 in Long Blades
 47181 | Vaults:4 | Received a gift from Okawaru
 47920 | Vaults:4 | Found Jijeawol's Distillery.
 47931 | Vaults:4 | Bought a potion of lignification for 63 gold pieces
 47931 | Vaults:4 | Bought a potion of mutation for 168 gold pieces
 47931 | Vaults:4 | Bought a potion of might for 84 gold pieces
 47931 | Vaults:4 | Bought a potion of resistance for 210 gold pieces
 47931 | Vaults:4 | Bought 2 potions of lignification for 126 gold pieces
 47931 | Vaults:4 | Bought a potion of agility for 84 gold pieces
 47931 | Vaults:4 | Bought a potion of heal wounds for 105 gold pieces
 47931 | Vaults:4 | Bought a potion of might for 84 gold pieces
 47996 | Vaults:5 | Entered Level 5 of the Vaults
 47999 | Vaults:5 | Noticed a golden dragon
 48132 | Vaults:4 | Received a gift from Okawaru
 48139 | Vaults:4 | Reached XP level 24. HP: 203/203 MP: 28/28
 48226 | Vaults:4 | Reached skill level 21 in Long Blades
 48253 | Vaults:4 | Killed a golden dragon
 48507 | Vaults:5 | Noticed an ancient lich
 48517 | Vaults:5 | Noticed a golden dragon
 48527 | Vaults:5 | Killed from afar by an ancient lich

Vault maps used:
D:1:      minmay_arrival_arboretum_small
D:2:      wad_lake_hut, lemuel_doored_altar, gammafunk_temple_overflow_pools,
          first_bread, uniq_robin, uniq_jessica, uniq_crazy_yiuf_cottage
D:3:      kennysheep_the_goblin_king, grunt_temple_overflow_holy_war,
          tgw_fedhas, uniq_grinder
D:4:      amethyst_overflow_temple_binary
D:5:      lemuel_zombie_altar_kikubaaqudgha, lemuel_round_altar, serial_shops,
          nicolae_shop_trees, portal_sewer_entry_d
D:6:      led_sif_book, uniq_duvessa
D:7:      cheibriados_altar_1, minmay_temple_entry_enclosed_plants,
          enter_bailey_2
D:8:      kennysheep_mini_moat, kennysheep_little_box, uniq_maurice
D:9:      makhleb_blood_cavern_becter, overflow_temple_1_default,
          minmay_lair_entry_grove, orc_0_dummy, hangedman_pestilent_swarm
D:10:     minmay_the_grid_four_pointed_star
D:11:     serial_shops, shop, uniq_snorg, uniq_sonja, uniq_josephine
D:12:     uniq_nessos
D:13:     grunt_vaults_entry_tiered, serial_corexii_hall,
          corexii_hall_statues_s, corexii_hall_statues_s, uniq_kirke
D:14:     uniq_louise
D:15:     grunt_enter_depths_hoard, minivault_23
Lair:1:   beast_lair_carwin_6, uniq_gastronok
Lair:2:   minivault_23
Lair:3:   grunt_megastairs_1, uniq_urug
Lair:4:   elwin_shoals_entry_rooms, spider_nest_entry_web_field, wad_woods_01,
          lemuel_fruit_fields, lemuel_fruit_tree
Lair:5:   lab_entry_generic
Lair:6:   minmay_lair_end_frog_pond, slime_altar_1, worms_lemuel
Shoals:1: regret_index_shoals_crete
Shoals:3: cheibrodos_shoals_baths, nicolae_shoals_c_island, uniq_polyphemus
Shoals:4: shoals_end_simple, shoals_ilsuiw_ice
Spider:3: guppyfry_spider_mini_1, uniq_asterion, uniq_bai_suzhen
Spider:4: grunt_spider_rune_parallel
Orc:1:    mines_bat_river
Orc:2:    grunt_orc_tribal_feast
Vaults:1: nicolae_vaults_big_angled_halls, hangedman_vaults_stream,
          nicolae_vaults_ring_of_whatevers, hangedman_vaults_river_flow
Vaults:2: dpeg_vaults_monster_row, v_misc_3, v_alt_pattern_2,
          nicolae_vaults_theta, hangedman_vaults_restitches, v_misc_12,
          nicolae_vaults_mini_display_case
Vaults:3: dpeg_vaults_monster_box, nicolae_vaults_triangles,
          nicolae_vaults_angled_halls, grunt_vaults_bifocal,
          nicolae_vaults_inception_corners, ontoclasm_vaults_hangar,
          nicolae_vaults_network_periphery, v_misc_11, v_misc_29,
          nicolae_vaults_quartermaster, nicolae_vaults_diagonal_hallway_8,
          infiniplex_enter_wizlab_water, uniq_mennas
Vaults:4: vaults_mumra_minichess, vaults_standard_mumra_enter_the_diamond,
          ontoclasm_vaults_chip, serial_ice_b, vaults_room_door_ring,
          v_alt_pattern_6, nicolae_vaults_circle_grid_b, vaults_mumra_chevron,
          vaults_room_corners, vaults_room_large_hall, v_misc_1, serial_shops,
          shop_coins
Vaults:5: serial_shops
Lab:      labyrinth_baited_teleportation_trap, labyrinth_skeletal_remains,
          lab_hedge
Sewer:    sewer_co_15_rooms
Bailey:   bailey_polearm_1, bailey
WizLab:   wizlab_golubria

Skill      XL: |  1  2  3  4  5  6  7  8  9 10 11 12 13 14 15 16 17 18 19 20 21 22 23 24 |
---------------+-------------------------------------------------------------------------+-----
Shields        | 4 5 7 8 10 13 15 | 15.0
Armour         | 4 5 6 8 9 10 12 14 15 16 17 18 19 20 | 20.0
Fighting       | 4 6 8 9 11 12 13 14 16 18 19 20 | 20.3
Long Blades    | 4 6 8 9 11 12 13 15 16 18 19 20 21 | 21.1
Evocations     | 5 7 |  7.0
Dodging        | 1 2 5 7 9 |  9.3
Invocations    | 6 7 |  7.1

Action                   |  1- 3 |  4- 6 |  7- 9 | 10-12 | 13-15 | 16-18 | 19-21 | 22-24 || total
-------------------------+-------+-------+-------+-------+-------+-------+-------+-------++-------
Melee: Long sword        |    81 |   184 |   582 |       |       |       |       |       ||   847
       Unarmed           |       |       |    14 |       |     1 |       |       |       ||    15
       Scimitar          |       |       |    75 |    65 |       |       |       |       ||   140
       Spear             |       |       |       |   942 |   900 |       |       |       ||  1842
       Quarterstaff      |       |       |       |       |  1070 |  1214 |       |       ||  2284
       Double sword      |       |       |       |       |       |       |  1128 |       ||  1128
       Triple sword      |       |       |       |       |       |       |   613 |  1279 ||  1892
Invok: Heroism           |       |       |       |     2 |     4 |     5 |    27 |    20 ||    58
       Finesse           |       |       |       |       |       |       |     3 |     3 ||     6
 Abil: Dig               |     2 |     4 |    25 |    12 |    39 |    19 |    41 |     9 ||   151
Evoke: Wand              |       |       |       |    28 |     3 |     2 |    14 |     7 ||    54
       Lamp of fire      |       |       |       |       |       |       |     1 |       ||     1
  Use: Potion            |       |     1 |     3 |    12 |     4 |     2 |     8 |    13 ||    43
       Scroll            |       |       |     9 |    14 |    16 |     5 |    11 |    15 ||    70
 Stab: Invisible         |       |     3 |       |     5 |       |       |       |       ||     8
       Petrified         |       |       |       |       |     2 |       |       |       ||     2
       Distracted        |       |       |       |       |       |       |     1 |       ||     1
  Eat: Chunk             |       |     5 |    25 |    29 |    33 |    16 |    36 |    19 ||   163
       Bread ration      |       |       |       |     4 |       |       |       |       ||     4
       Meat ration       |       |       |       |       |     4 |     1 |     1 |     2 ||     8
Armor: Scale mail        |    24 |     1 |       |       |       |       |       |       ||    25
       Chain mail        |       |    45 |   265 |     9 |       |       |       |       ||   319
       Skin              |       |       |     3 |       |       |       |       |       ||     3
       Crystal plate arm |       |       |       |   607 |  1483 |   574 |   783 |   588 ||  4035
       Plate armour      |       |       |       |    45 |       |       |       |       ||    45
Dodge: Dodged            |    27 |    21 |   197 |   233 |   481 |   232 |   611 |   449 ||  2251
Block: Shield            |    38 |    63 |   373 |   634 |  1513 |    28 |       |       ||  2649
       Large shield      |       |       |       |       |       |  1416 |  2420 |  1624 ||  5460
       Rpst.: Long sword |     9 |    10 |    53 |       |       |       |       |       ||    72
       Scimitar          |       |       |     4 |     1 |       |       |       |       ||     5
       Double sword      |       |       |       |       |       |       |    68 |       ||    68
       Triple sword      |       |       |       |       |       |       |    41 |    95 ||   136
